 Dungeon Crawl Stone Soup version 0.19-a0-905-ge5e6a15 (webtiles) character file.

333 Gagarin the Conjurer (level 6, -11/47 HPs)
             Began as a Draconian Conjurer on July 5, 2016.
             Mangled by a gnoll
             ... wielding a +0 halberd
              (13 damage)
             ... on level 4 of the Dungeon.
             The game lasted 00:11:56 (3385 turns).

Gagarin the Conjurer (Draconian Conjurer)           Turns: 3385, Time: 00:11:58

Health: -11/47     AC:  6    Str: 10    XL:     6   Next: 27%
Magic:  2/10       EV: 13    Int: 18    God:
Gold:   269        SH:  0    Dex: 11    Spells: 3 memorised, 5 levels left

rFire  . . .     SeeInvis .     k - +1 spear (venom)
rCold  . . .     Gourm    .     (armour unavailable)
rNeg   . . .     Faith    .     (no shield)
rPois  .         Spirit   .     (helmet restricted)
rElec  .         Dismiss  .     (no cloak)
rCorr  .         Reflect  .     (no gloves)
SustAt .         Harm     .     (no boots)
MR     .....                    (no amulet)
Stlth  +.........               (no ring)
                                (no ring)

@: flying, glowing, not resistant to hostile enchantments, very unstealthy
A: unfitting armour, cold-blooded, AC +6
a: no special abilities


You were on level 4 of the Dungeon.
You were not hungry.

You visited 1 branch of the dungeon, and saw 4 of its levels.

You collected 269 gold pieces.

Inventory:

Hand Weapons
 k - a +1 spear of venom (weapon)
Missiles
 v - 4 silver tomahawks (quivered)
Armour
 m - a +0 cloak
Jewellery
 q - an uncursed amulet of guardian spirit {unknown}
Wands
 r - a wand of paralysis (22/24)
Scrolls
 c - a scroll of amnesia {unknown}
 d - a scroll of enchant weapon {unknown}
 g - a scroll of remove curse
 i - 2 scrolls of recharging
 j - 2 scrolls of identify
 n - a scroll of noise {unknown}
Potions
 e - 2 potions of flight
 f - a potion of might {unknown}
 h - a potion of berserk rage {unknown}
 l - a potion of resistance {unknown}
 o - a potion of heal wounds {unknown}
 p - a potion of curing {unknown}
 s - 2 potions of degeneration {unknown}
Books
 a - a book of Conjurations

   Spells                             Type                      Level
   a - Magic Dart                     Conjuration                  1
   b - Searing Ray                    Conjuration                  2
   c - Dazzling Spray                 Conjuration/Hexes            3
   d - Fulminant Prism                Conjuration/Hexes            4
   e - Iskenderun's Mystic Blast      Conjuration                  4
   f - Iskenderun's Battlesphere      Conjuration/Charms           5
Comestibles
 b - 5 bread rations
 t - a beef jerky
 u - 10 chunks of flesh


   Skills:
 + Level 1.4 Fighting
 + Level 2.0 Polearms
 + Level 2.8 Dodging
 + Level 2.9 Stealth
 + Level 3.0 Spellcasting
 + Level 5.3 Conjurations
 + Level 0.6 Hexes


You had 5 spell levels left.
You knew the following spells:

 Your Spells              Type           Power        Failure   Level  Hunger
a - Magic Dart            Conj           ###.         1%          1    None
b - Searing Ray           Conj           ###...       2%          2    ##.....
c - Dazzling Spray        Conj/Hex       ##....       17%         3    ###....


Dungeon Overview and Level Annotations

Branches:
Dungeon (4/15)
 Temple: D:4-7

Altars:
Fedhas
Gozag
Pakellas
Zin
The Shining One

Annotations:
D:2 Sigmund


Innate Abilities, Weirdness & Mutations

Your plain brown scales are hard. (AC +6)
Your body does not fit into most forms of armour.
You are cold-blooded and may be slowed by cold attacks.


Message History

The gnoll hits you from afar with a halberd.
As you read the scroll labeled PYRUAL BOOPH, it crumbles to dust.
It is a scroll of identify.
r - a wand of paralysis (22/24)
The gnoll closely misses you. The gnoll barely misses you.
The gnoll shaman calls upon its god to speed up the gnoll.
The gnoll seems to speed up.
The gnoll closely misses you.
You kill the gnoll shaman!
Your Polearms skill increases to level 2!
The gnoll hits you from afar with a halberd!
The gnoll barely misses you.
It was a potion of flight.
You feel very buoyant.
You fly up into the air.
The gnoll hits you with a flail!
* * * LOW HITPOINT WARNING * * *
The orc hits you with a club.
* * * LOW HITPOINT WARNING * * *
The gnoll hits you from afar with a halberd!
You die...

#.# ##....##....#..##.. #.#
#######.....#.#.####. #.##
##.....##........####.
#..###..............#....).
########.##.........g........###.
#...<..#.......................#.
#.........#.......go........#....
#................o.g...).........
#...............@g.............##
#####.........................##
#.#...................#..##
..#...........##.....#...#
#.##.........########.#...# #.
.......... .....# ....... ... ..
.......


You could see 4 gnolls and 2 orcs.

Vanquished Creatures
  Crazy Yiuf (D:3)
  A gnoll shaman (D:4)
  An orc wizard (D:4)
  Ijyb (D:3)
  Natasha (twice) (D:2)
  A worker ant (D:4)
  A gnoll (D:4)
  5 adders
  3 worms
  2 dart slugs (D:2)
  2 giant geckos
  5 orcs
  6 bats
  8 giant cockroaches
  11 goblins
  9 hobgoblins
  8 kobolds
  2 quokkas
  2 giant newts
  11 rats
  2 fungi (D:1)
84 creatures vanquished.

Vanquished Creatures (others)
  A wolf spider (D:2)
1 creature vanquished.

Grand Total: 85 creatures vanquished

Notes
Turn   | Place    | Note
-------+----------+-------------------------------------------
     0 | D:1      | Gagarin the Draconian Conjurer began the quest for the Orb.
     0 | D:1      | Reached XP level 1. HP: 14/14 MP: 3/3
    77 | D:1      | Found a glowing golden altar of the Shining One.
   225 | D:1      | Reached XP level 2. HP: 18/20 MP: 1/5
  1083 | D:1      | Reached XP level 3. HP: 26/26 MP: 6/6
  1365 | D:1      | Learned a level 2 spell: Searing Ray
  1369 | D:1      | Learned a level 3 spell: Dazzling Spray
  1445 | D:2      | Noticed Sigmund
  1734 | D:2      | Reached skill level 5 in Conjurations
  2004 | D:2      | Noticed Natasha
  2007 | D:2      | Killed Natasha
  2007 | D:2      | Reached XP level 4. HP: 33/33 MP: 0/7
  2298 | D:2      | Noticed Natasha
  2302 | D:2      | Killed Natasha
  2302 | D:2      | Reached skill level 1 in Polearms
  2351 | D:2      | Found an oddly glowing altar of Pakellas.
  2351 | D:2      | Noticed a wolf spider
  2364 | D:2      | Killed a wolf spider
  2441 | D:3      | Noticed Ijyb
  2483 | D:3      | Paralysed by Ijyb for 6 turns
  2498 | D:3      | Killed Ijyb
  2498 | D:3      | Reached XP level 5. HP: 38/39 MP: 6/9
  2509 | D:3      | Reached skill level 1 in Fighting
  2762 | D:3      | Found a blossoming altar of Fedhas.
  2882 | D:3      | Found a glowing silver altar of Zin.
  2883 | D:3      | Found an opulent altar of Gozag.
  3045 | D:3      | Found a runed door.
  3049 | D:3      | Noticed Crazy Yiuf
  3056 | D:3      | Killed Crazy Yiuf
  3237 | D:4      | Reached XP level 6. HP: 38/47 MP: 1/10
  3385 | D:4      | HP: 2/47 [orc/club (4)]
  3385 | D:4      | Mangled by a gnoll

Vault maps used:
D:1:      saegor_arrival_simple_e, serial_corexii_hall, corexii_hall_statues_l,
          corexii_hall_statues_x, corexii_hall_statues_x,
          corexii_hall_statues_deadend, st_stairs_7, minmay_gold_behind_fungi,
          tso_metal_star
D:2:      gammafunk_pakellas_cloud_experiment, uniq_natasha, uniq_sigmund
D:3:      grunt_temple_overflow_gold_and_silver, old_standard_altar, uniq_iyjb,
          uniq_crazy_yiuf_cottage
D:4:      nemelex_xobeh_ov_fountains_minmay, lemuel_doored_altar, first_bread,
          minmay_box_of_dots, uniq_blork_the_orc, uniq_pikel

Skill      XL: |  1  2  3  4  5  6 |
---------------+-------------------+-----
Dodging        | 2 |  2.8
Conjurations   | 5 |  5.3
Stealth        | 2 |  2.9
Polearms       | 1 2 |  2.0
Fighting       | 1 |  1.4
Spellcasting   | 3 |  3.0
Hexes          | |  0.6

Action                   |  1- 3 |  4- 6 || total
-------------------------+-------+-------++-------
Melee: Unarmed           |    45 |       ||    45
       Tailslap          |    13 |     7 ||    20
       Spear             |    52 |    96 ||   148
 Cast: Magic Dart        |    43 |     8 ||    51
       Dazzling Spray    |     2 |    10 ||    12
       Searing Ray       |       |     3 ||     3
  Use: Scroll            |       |     3 ||     3
       Potion            |       |     1 ||     1
 Stab: Sleeping          |     3 |     4 ||     7
       Invisible         |       |     7 ||     7
  Eat: Chunk             |     4 |     6 ||    10
Armor: Skin              |    14 |    10 ||    24
Dodge: Dodged            |    48 |    41 ||    89
